 Dungeon Crawl Stone Soup version 0.30.0-10-gfe55d96785 (webtiles) character file.

Game seed: 16832650861885083135

812 NateTC the Cutter (level 7, 0/56 HPs)
             Began as a Demonspawn Fighter on May 14, 2023.
             Succumbed to a scorpion's poison
             ... on level 5 of the Dungeon.
             The game lasted 00:12:02 (3938 turns).

NateTC the Cutter (Demonspawn Fighter)              Turns: 3938, Time: 00:12:02

Health: 0/56       AC:  6    Str: 18    XL:     7   Next: 61%
Magic:  7/7        EV:  9    Int: 10    God:
Gold:   299        SH:  6    Dex: 12    Spells: 6/6 levels left

rFire   . . .        t - +3 short sword
rCold   . . .        c - +1 buckler
rNeg    + . .        h - +0 scale mail
rPois   .            (no helmet)
rElec   .            (no cloak)
rCorr   .            (no gloves)
SInv    .            (no boots)
Will    .....        (no amulet) Stlth
                     d - ring of positive energy
HPRegen 0.29/turn    (no ring)
MPRegen 0.10/turn

%: no passive effects
@: lethally poisoned (0 -> -2)
A: hooves 1, demonic guardian 1, powered by pain 1
a: no special abilities


You were on level 5 of the Dungeon.
You visited 1 branch of the dungeon, and saw 5 of its levels.

You collected 299 gold pieces.

Inventory:

Hand Weapons
 a - a +0 rapier
 b - a +0 double sword
 t - a +3 short sword (weapon)
Armour
 c - a +1 buckler (worn)
 h - a +0 scale mail (worn)
Jewellery
 d - a ring of positive energy (left hand)
Wands
 g - a wand of charming (14)
 l - a wand of digging (6)
Scrolls
 k - a scroll of fear
 p - a scroll of enchant armour
Potions
 e - 3 potions of attraction
 f - 2 potions of curing
 i - a potion of lignification {unknown}
 j - 2 potions of invisibility {unknown}
 m - 6 potions of heal wounds
 n - a potion of haste
 o - a potion of brilliance {unknown}
 u - a potion of resistance {unknown}


   Skills:
 * Level 5.5 Fighting
 * Level 5.7 Short Blades
 - Level 0.7(3.6) Long Blades
 - Level 2.7 Armour
 - Level 4.3 Shields


You had 6 spell levels left.
You didn't know any spells.
Your spell library contained the following spells:

 Spells                   Type           Power      Damage    Failure   Level
 Ozocubu's Armour         Ice            0%         N/A       99%         3
 Stone Arrow              Conj/Erth      0%         3d7       99%         3
 Animate Armour           Summ/Erth      0%         N/A       100%        4
 Ozocubu's Refrigeration  Ice            0%         4d7       100%        7
 Lehudib's Crystal Spear  Conj/Erth      0%         10d2      100%        8


Dungeon Overview and Level Annotations

Branches:
Dungeon (5/15) Zot: 26057
 Temple: D:4-7

Altars:
Fedhas
Kikubaaqudgha
Nemelex Xobeh

Shops:
D:1 =


Innate Abilities, Weirdness & Mutations

You have large cloven feet.
A weak demonic guardian rushes to your aid.
You sometimes gain a little power by taking damage.


Message History

An iguana comes into view.
The iguana hisses angrily.
You hit the scorpion.
The scorpion is lightly wounded.
The scorpion stings you but does no damage.
You hit the scorpion. Your kick misses the scorpion.
The scorpion is moderately wounded.
The scorpion stings you but does no damage.
You barely miss the scorpion.
The scorpion is moderately wounded.
The scorpion stings you.
* * * LOW HITPOINT WARNING * * *
You closely miss the scorpion. You kick the scorpion.
The scorpion is heavily wounded.
The scorpion stings you.
* * * LOW HITPOINT WARNING * * *
A demonic guardian appears!
You barely miss the scorpion. You kick the scorpion.
The scorpion is severely wounded.
The scorpion stings you.
* * * LOW HITPOINT WARNING * * *
You are poisoned.
The scorpion poisons you!
You hit the scorpion.
You kick the scorpion, but do no damage.
The scorpion is almost dead.
You feel sick. You block the scorpion's attack.
You feel sick.
There is a sparkling altar of Nemelex Xobeh here.
You feel sick.
Your white imp closely misses the scorpion.
The scorpion attacks as you move away!
The scorpion stings you but does no damage.
You feel sick. The scorpion attacks as you move away!
The scorpion completely misses you.
You feel sick.
A dart slug comes into view.
The scorpion attacks as you move away! The scorpion stings you.
* * * LOW HITPOINT WARNING * * *
You die...

#...#.####≈≈≈
#...w....# ####.###..#
#####†..#.# #...†.l.#.#
######.5#.# #
#.s#.##'### #..#
#.........# #..
##############.#@.....#
#..
...............'......#
#.#
.........####..#......#
#.# .........#
#.##....÷.#######.##
.........#
#.########.........#
..÷......# #.##
#.........# .........#
#..# #.........#
.........# ##.#
########'## .........#
###.# #.#


You could see a scorpion (ally target), an iguana, a dart slug (distracted) and
a friendly white imp (summoned).

Vanquished Creatures
  A water moccasin (D:5)
  A black bear (D:5)
  An ogre (D:4)
  A bullfrog (D:5)
  A scorpion (D:5)
  A howler monkey (D:5)
  A crimson imp (D:4)
  2 hounds (D:5)
  Jessica (D:2)
  An iguana (D:5)
  A sleepcap (D:5)
  4 gnolls
  7 adders
  A white imp (D:4)
  5 worms
  A dart slug (D:5)
  An orc (D:4)
  9 endoplasms
  5 giant cockroaches (D:1)
  8 goblins
  2 hobgoblins
  4 jackals
  8 kobolds
  A quokka (D:3)
  4 ball pythons
  4 bats
  5 frilled lizards
  4 rats
85 creatures vanquished.

Vanquished Creatures (collateral kills)
  An adder (D:2)
  A worm (D:3)
  An endoplasm (D:2)
3 creatures vanquished.

Grand Total: 88 creatures vanquished

Notes
Turn   | Place    | Note
-------+----------+-------------------------------------------
     0 | D:1      | NateTC the Demonspawn Fighter began the quest for the Orb.
     0 | D:1      | Reached XP level 1. HP: 18/18 MP: 1/1
   142 | D:1      | Gained mutation: You sometimes gain a little power by
                  | taking damage. [demonic ancestry]
   142 | D:1      | Reached XP level 2. HP: 18/24 MP: 2/2
   196 | D:1      | Found Poumexuewn's Jewellery Shoppe.
   802 | D:2      | Noticed Jessica
   806 | D:2      | Killed Jessica
   807 | D:2      | Gained mutation: A weak demonic guardian rushes to your
                  | aid. [demonic ancestry]
   807 | D:2      | Reached XP level 3. HP: 30/30 MP: 3/3
   881 | D:2      | Reached XP level 4. HP: 30/37 MP: 4/4
  1482 | D:3      | Found a faded altar of an unknown god.
  1744 | D:3      | Found a blossoming altar of Fedhas.
  2429 | D:3      | Gained mutation: You have large cloven feet. [demonic
                  | ancestry]
  2429 | D:3      | Reached XP level 5. HP: 38/43 MP: 5/5
  2888 | D:4      | Noticed an ogre
  2893 | D:4      | Killed an ogre
  2894 | D:4      | Reached XP level 6. HP: 37/49 MP: 6/6
  3507 | D:5      | Entered Level 5 of the Dungeon
  3535 | D:5      | Found a sparkling altar of Nemelex Xobeh.
  3558 | D:5      | Noticed a water moccasin
  3567 | D:5      | Killed a water moccasin
  3599 | D:5      | Reached skill level 5 in Short Blades
  3599 | D:5      | Reached XP level 7. HP: 21/55 MP: 7/7
  3844 | D:5      | Found an ancient bone altar of Kikubaaqudgha.
  3895 | D:5      | Reached skill level 5 in Fighting
  3938 | D:5      | HP: 1/56 [scorpion (6)]
  3938 | D:5      | Succumbed to a scorpion's poison

Illustrated notes

Levels and vault maps discovered:
D:1:      ncdulo_wetmaze, layout_loops_ring, serial_shops,
          nicolae_shop_just_a_little_nook, minmay_worlds_worst_comb
D:2:      layout_loops_ring, uniq_jessica
D:3:      minmay_spotlight, layout_basic, fedhas_altar_3,
          hellmonk_ecumenical_altar_heavens_door, nicolae_wormholes
D:4:      layout_basic, minmay_fire_ice_demons
D:5:      kennysheep_slugbush, layout_basic, overflow_temple_1_default,
          nicolae_kikubaaqudgha_miasma_corner, amethyst_overflow_temple_binary,
          minmay_temple_entry_tees, minmay_circle_x

Skill      XL: |  1  2  3  4  5  6  7 |
---------------+----------------------+-----
Short Blades   | 2 3 4 5 |  5.7
Fighting       | 4 5 |  5.5
Shields        | 3 4 |  4.3
Long Blades    | |  0.7
Armour         | |  2.7

Action                     |  1- 3 |  4- 6 |  7- 9 || total
---------------------------+-------+-------+-------++-------
  Melee: Rapier            |    73 |   172 |       ||   245
         Short sword       |       |    71 |    54 ||   125
         Kick              |       |    25 |    20 ||    45
    Use: Scroll            |     2 |    11 |       ||    13
         Potion            |     1 |       |       ||     1
   Stab: Distracted        |     1 |       |       ||     1
 Armour: Scale mail        |    32 |    58 |    17 ||   107
  Dodge: Dodged            |    19 |    74 |    17 ||   110
  Block: Buckler           |    12 |    32 |     7 ||    51
